[Event "34th MPL National U12G Chess-ch 2022"]
[Site "Mysore"]
[Date "2022.04.10"]
[Round "4.3"]
[White "Dheeptha B"]
[Black "Prishita Gupta"]
[Result "0-1"]
[ECO "D02"]
[WhiteElo "1236"]
[BlackElo "1412"]
[Annotator "NA RC"]
[PlyCount "110"]
[EventDate "2022.04.09"]
[EventCountry "IND"]
[SourceTitle "playchess.com"]
[Source "ChessBase"]
[SourceQuality "1"]
[TimeControl "5400+30"]

1. d4 d5 2. Bf4 Nf6 3. Nf3 e6 4. e3 Bd6 5. Bg3 c6 6. c3 Qc7 7. Bd3 Nbd7 8. Nbd2 e5 9. dxe5 Nxe5 10. Nxe5 Bxe5 11. Nf3 Bd6 12. Qc2 Bd7 13. e4 dxe4 14. Bxe4 O-O 15. O-O-O Bf4+ 16. Kb1 g6 17. Rd2 Bxg3 18. hxg3 Nxe4 19. Rxd7 Qxd7 20. Qxe4 Qf5 21. Qxf5 gxf5 22. Nd4 Rad8 23. Nxf5 Rd2 24. Rf1 Re8 25. Ne3 Red8 26. Kc1 Re2 27. Nc4 b5 28. Na5 Rdd2 29. Nxc6 Rc2+ 30. Kd1 Rxb2 31. Nxa7 Rxa2 32. Nxb5 Reb2 33. Kc1 Rxb5 34. Rd1 Ra1+ 35. Kc2 Rb2+ 36. Kxb2 Rxd1 37. Kb3 Rd2 38. Kb4 Rxf2 39. c4 Rxg2 40. c5 Rxg3 41. c6 Rg1 42. Kb5 Rc1 43. Kb6 h5 44. c7 h4 45. Kb7 h3 46. c8=Q+ Rxc8 47. Kxc8 h2 48. Kd7 h1=Q 49. Ke7 Qc6 50. Kd8 f5 51. Ke7 f4 52. Kd8 f3 53. Ke7 f2 54. Kd8 f1=Q 55. Ke7 Qff6# 0-1

[Event "34th MPL National U12G Chess-ch 2022"]
[Site "Mysore"]
[Date "2022.04.10"]
[Round "4.4"]
[White "Sherali Pattnaik"]
[Black "Theephigaa K P"]
[Result "1-0"]
[ECO "C45"]
[WhiteElo "1209"]
[BlackElo "1086"]
[Annotator "NA RC"]
[PlyCount "83"]
[EventDate "2022.04.09"]
[EventCountry "IND"]
[SourceTitle "playchess.com"]
[Source "ChessBase"]
[SourceQuality "1"]
[TimeControl "5400+30"]

1. e4 e5 2. Nf3 Nc6 3. d4 exd4 4. Nxd4 Nf6 5. Nxc6 bxc6 6. e5 Qe7 7. Qe2 Nd5 8. c4 Ba6 9. b3 O-O-O 10. f4 g6 11. Qf2 Nb6 12. c5 Bb5 13. Be2 Bxe2 14. cxb6 Ba6 15. bxc7 Qb4+ 16. Bd2 Qe4+ 17. Kd1 Kxc7 18. Qxa7+ Bb7 19. Ba5+ Kc8 20. Nd2 Qxg2 21. Qb6 Qg4+ 22. Kc2 Qf5+ 23. Kb2 Bd6 24. exd6 Qf6+ 25. Bc3 Qxd6 26. Rad1 Qxf4 27. Bxh8 Rxh8 28. Nc4 Qf6+ 29. Ka3 d5 30. Rxd5 Qe7+ 31. Rd6 f5 32. Rhd1 f4 33. Ka4 Qc7 34. Qxc7+ Kxc7 35. Rd7+ Kb8 36. Na5 Ba6 37. Nxc6+ Kc8 38. Ka5 Be2 39. R1d2 f3 40. Kb6 f2 41. Rd8+ Rxd8 42. Rxd8# 1-0

[Event "34th MPL National U12G Chess-ch 2022"]
[Site "Mysore"]
[Date "2022.04.10"]
[Round "4.5"]
[White "Aadya Gupta"]
[Black "Arockiaraj Cheryl, Nancee"]
[Result "1-0"]
[ECO "E06"]
[WhiteElo "1218"]
[BlackElo "1244"]
[Annotator "NA RC"]
[PlyCount "163"]
[EventDate "2022.04.09"]
[EventCountry "IND"]
[SourceTitle "playchess.com"]
[Source "ChessBase"]
[SourceQuality "1"]
[TimeControl "5400+30"]

1. d4 d5 2. Nf3 Nc6 3. g3 Nf6 4. Bg2 e6 5. O-O Be7 6. c4 O-O 7. Nc3 b6 8. Ne5 Bb7 9. e3 Bd6 10. f4 Ne7 11. b3 Rb8 12. Qc2 c5 13. Nb5 a6 14. Nxd6 Qxd6 15. Rd1 Rfc8 16. Ba3 Qc7 17. Rac1 Nf5 18. Qe2 dxc4 19. dxc5 Bxg2 20. Kxg2 bxc5 21. Rxc4 Qb7+ 22. Kg1 Qb5 23. Bb2 Nd5 24. Ng4 Nb6 25. Rc2 h6 26. e4 Ne7 27. Nxh6+ gxh6 28. Qg4+ Ng6 29. f5 exf5 30. exf5 Qb4 31. Qxb4 cxb4 32. Rxc8+ Nxc8 33. fxg6 fxg6 34. Rd7 Kf8 35. Rh7 h5 36. Be5 Ra8 37. Rb7 a5 38. Kf2 Ke8 39. Rg7 Ne7 40. Bd6 Ra7 41. Bxe7 Rxe7 42. Rxg6 Rc7 43. Re6+ Kf7 44. Re5 Rc2+ 45. Re2 Rc5 46. Kf3 Kf6 47. Ke4 Re5+ 48. Kd3 Rf5 49. Kc4 Kg5 50. h3 Rf3 51. Rg2 h4 52. gxh4+ Kxh4 53. Rg4+ Kxh3 54. Rg5 Rf4+ 55. Kd3 Kh4 56. Rxa5 Kg3 57. Re5 Kg2 58. Re4 Rf3+ 59. Kd2 Kg1 60. Rxb4 Rf2+ 61. Kc3 Rxa2 62. Rf4 Ra8 63. b4 Kg2 64. b5 Kg3 65. Rf6 Rb8 66. Kb4 Kg4 67. Ka5 Kg5 68. Ra6 Kf5 69. b6 Ke6 70. b7+ Kd7 71. Kb6 Kd8 72. Ka7 Kc7 73. Rc6+ Kxc6 74. Kxb8 Kb6 75. Kc8 Ka5 76. b8=Q Ka4 77. Kc7 Ka3 78. Kc6 Ka2 79. Kc5 Ka1 80. Kc4 Ka2 81. Kc3 Ka1 82. Qb2# 1-0

[Event "34th MPL National U12G Chess-ch 2022"]
[Site "Mysore"]
[Date "2022.04.10"]
[Round "4.6"]
[White "Shreya G Hipparagi"]
[Black "Sakthi Vaishnavi A K"]
[Result "1/2-1/2"]
[ECO "C50"]
[WhiteElo "1552"]
[BlackElo "1009"]
[Annotator "NA RC"]
[PlyCount "112"]
[EventDate "2022.04.09"]
[EventCountry "IND"]
[SourceTitle "playchess.com"]
[Source "ChessBase"]
[SourceQuality "1"]
[TimeControl "5400+30"]

1. e4 e5 2. Nf3 Nc6 3. Bc4 Nf6 4. Nc3 Bc5 5. d3 h6 6. h3 d6 7. O-O O-O 8. Na4 Bb6 9. Nxb6 axb6 10. c3 Na5 11. Bb5 Bd7 12. Bxd7 Qxd7 13. Be3 Nc6 14. Nh4 d5 15. f3 Ne7 16. d4 exd4 17. Bxd4 Nh7 18. exd5 Qxd5 19. f4 Rad8 20. Qg4 f6 21. Rae1 h5 22. Qe2 Nc6 23. Rd1 Rfe8 24. Qc2 Nxd4 25. cxd4 Rd7 26. Qg6 Qe4 27. Qxh5 Rxd4 28. Nf3 Rxd1 29. Rxd1 Qe7 30. Kh1 Qf7 31. Qg4 f5 32. Qg3 Nf6 33. b3 Ne4 34. Qh4 Qf6 35. Qxf6 Nxf6 36. Ne5 Nh5 37. Ng6 Kh7 38. Nh4 Nxf4 39. Nxf5 Re2 40. Rd7 Rxg2 41. Rxc7 Rg5 42. Nd6 Nxh3 43. Rxb7 Nf2+ 44. Kh2 Rg6 45. Rxb6 Ne4 46. Nc4 Rxb6 47. Nxb6 Kg6 48. a4 Kf5 49. b4 Nd6 50. Kg3 g5 51. a5 Nb5 52. a6 Ke5 53. Nc8 Kd4 54. a7 Nxa7 55. Nxa7 Kc4 56. b5 Kc5 1/2-1/2

[Event "34th MPL National U12G Chess-ch 2022"]
[Site "Mysore"]
[Date "2022.04.11"]
[Round "5.1"]
[White "Aadhya Jain"]
[Black "Kalyani Sirin"]
[Result "1/2-1/2"]
[ECO "C44"]
[WhiteElo "1128"]
[BlackElo "1243"]
[Annotator "NA RC"]
[PlyCount "111"]
[EventDate "2022.04.09"]
[EventCountry "IND"]
[SourceTitle "playchess.com"]
[Source "ChessBase"]
[SourceQuality "1"]
[TimeControl "5400+30"]

1. e4 e5 2. Nf3 Nc6 3. c3 Nf6 4. d4 exd4 5. e5 Nd5 6. cxd4 Bb4+ 7. Bd2 Bxd2+ 8. Qxd2 O-O 9. Bd3 d6 10. exd6 Re8+ 11. Be2 Qxd6 12. O-O Nf4 13. Bc4 Bg4 14. Bxf7+ Kxf7 15. Ne5+ Nxe5 16. Qxf4+ Qf6 17. Qxf6+ Kxf6 18. dxe5+ Rxe5 19. Nc3 Rd8 20. f3 Bf5 21. Rad1 Rxd1 22. Rxd1 c6 23. Kf2 h5 24. h3 g5 25. g4 Bg6 26. Rd6+ Re6 27. Rxe6+ Kxe6 28. gxh5 Bxh5 29. Ne4 Kf5 30. Ke3 b6 31. Nd6+ Ke5 32. Ne4 Kf5 33. b4 c5 34. bxc5 bxc5 35. Nxc5 Bf7 36. a4 a5 37. Nb7 Bb3 38. Nxa5 Bxa4 39. Nc4 Bd7 40. Nd6+ Ke5 41. Ne4 Bxh3 42. Nxg5 Bf5 43. Nf7+ Kf6 44. Kf4 Bb1 45. Nh6 Bc2 46. Ng4+ Kg6 47. Ne3 Ba4 48. Ke5 Bc6 49. f4 Bd7 50. Nd5 Kf7 51. Ne3 Be6 52. Nf5 Bd7 53. Nh6+ Kg7 54. Kd6 Bh3 55. f5 Bxf5 56. Nxf5+ 1/2-1/2

[Event "34th MPL National U12G Chess-ch 2022"]
[Site "Mysore"]
[Date "2022.04.11"]
[Round "5.2"]
[White "Prishita Gupta"]
[Black "Aadya Gupta"]
[Result "1/2-1/2"]
[ECO "D11"]
[WhiteElo "1412"]
[BlackElo "1218"]
[Annotator "NA RC"]
[PlyCount "164"]
[EventDate "2022.04.09"]
[EventCountry "IND"]
[SourceTitle "playchess.com"]
[Source "ChessBase"]
[SourceQuality "1"]
[TimeControl "5400+30"]

1. d4 d5 2. g3 Bf5 3. Bg2 c6 4. c4 e6 5. Nc3 Nf6 6. Nf3 h6 7. Bf4 Nbd7 8. Rc1 Be7 9. O-O O-O 10. cxd5 exd5 11. Ne5 Re8 12. f3 Nxe5 13. Bxe5 Nd7 14. Bf4 Nb6 15. e4 Bh7 16. Re1 Bb4 17. a3 Bxc3 18. Rxc3 Nc4 19. Bc1 Qb6 20. b3 Nd6 21. Rce3 Rad8 22. Bb2 a5 23. a4 Rd7 24. Ba3 Bg6 25. Bh3 Rdd8 26. Bxd6 Rxd6 27. e5 Rdd8 28. e6 fxe6 29. Bxe6+ Bf7 30. Bxf7+ Kxf7 31. Qd3 Rxe3 32. Rxe3 Kg8 33. Re7 Qb4 34. Qe3 Rf8 35. Kg2 Rf7 36. Re6 Qa3 37. g4 Qb2+ 38. Kg3 Qc2 39. h4 b5 40. g5 hxg5 41. hxg5 Rf8 42. Rd6 Qf5 43. Rxc6 bxa4 44. bxa4 Kh8 45. f4 Rb8 46. Qf3 Kg8 47. Rd6 Qb1 48. Qxd5+ Kh8 49. Re6 Qg1+ 50. Kh4 Qh2+ 51. Kg4 Qg1+ 52. Kf5 Rf8+ 53. Ke5 Qb1 54. Qe4 Qb8+ 55. Kd5 Rd8+ 56. Kc4 Rc8+ 57. Rc6 Qb4+ 58. Kd5 Rd8+ 59. Ke5 Rf8 60. Qh1+ Kg8 61. Qd5+ Kh8 62. Re6 Qb1 63. Qe4 Qb8+ 64. Kd5 Qb3+ 65. Kd6 Qb8+ 66. Kc5 Qb4+ 67. Kd5 Qb3+ 68. Kc6 Qxa4+ 69. Kc7 Rf7+ 70. Kb8 Qb5+ 71. Ka8 Rf8+ 72. Ka7 Qd7+ 73. Ka6 Qc8+ 74. Kxa5 Qc3+ 75. Ka6 Qc4+ 76. Ka7 Rf7+ 77. Re7 Qa4+ 78. Kb8 Rf8+ 79. Kc7 Qa5+ 80. Kd6 Qb6+ 81. Ke5 Qb8+ 82. Kd5 Qb5+ 1/2-1/2

[Event "34th MPL National U12G Chess-ch 2022"]
[Site "Mysore"]
[Date "2022.04.11"]
[Round "5.3"]
[White "Shriyana S Mallya"]
[Black "Sherali Pattnaik"]
[Result "1-0"]
[ECO "B23"]
[WhiteElo "1277"]
[BlackElo "1209"]
[Annotator "NA RC"]
[PlyCount "105"]
[EventDate "2022.04.09"]
[EventCountry "IND"]
[SourceTitle "playchess.com"]
[Source "ChessBase"]
[SourceQuality "1"]
[TimeControl "5400+30"]

1. e4 c5 2. Nc3 e6 3. f4 d5 4. exd5 exd5 5. Nf3 Nf6 6. Bb5+ Nc6 7. O-O Be7 8. Ne5 Bd7 9. Bxc6 Bxc6 10. d4 O-O 11. Be3 c4 12. a3 Rc8 13. Ng4 Re8 14. Nxf6+ Bxf6 15. Qd2 Qb6 16. Kh1 Re7 17. f5 Rce8 18. Bg5 Bxg5 19. Qxg5 f6 20. Qd2 Kf7 21. h3 Qc7 22. Rf3 b5 23. b4 Qd6 24. Rb1 a6 25. g3 Qc7 26. Kg2 Qb6 27. Kf2 Qc7 28. Rf1 Qd7 29. Kg2 Qa7 30. R1f2 a5 31. Ne2 Re4 32. c3 axb4 33. axb4 Qd7 34. g4 Qd6 35. Nf4 Bd7 36. Ne2 Bc6 37. Ng3 Qe7 38. Nxe4 dxe4 39. Re3 Bd5 40. Rf1 Ra8 41. Qe2 Qd6 42. h4 Qa6 43. Rf2 Rg8 44. g5 fxg5 45. Qh5+ Kf8 46. hxg5 h6 47. Qh2 hxg5 48. Qb8+ Kf7 49. Qc7+ Ke8 50. Qe5+ Kf8 51. Qxd5 Qh6 52. Qxe4 g4 53. Qe8# 1-0

[Event "34th MPL National U12G Chess-ch 2022"]
[Site "Mysore"]
[Date "2022.04.11"]
[Round "5.5"]
[White "Shubhi Gupta"]
[Black "Nivedita V C"]
[Result "1-0"]
[ECO "A80"]
[WhiteElo "1434"]
[BlackElo "1200"]
[Annotator "NA RC"]
[PlyCount "73"]
[EventDate "2022.04.09"]
[EventCountry "IND"]
[SourceTitle "playchess.com"]
[Source "ChessBase"]
[SourceQuality "1"]
[TimeControl "5400+30"]

1. d4 f5 2. Bg5 g6 3. Nd2 Bg7 4. e4 d6 5. c3 Nf6 6. Bd3 fxe4 7. Nxe4 O-O 8. Qd2 d5 9. Nxf6+ exf6 10. Be3 Nc6 11. h4 Qe8 12. Ne2 Ne7 13. Ng3 h6 14. O-O-O h5 15. Rde1 Bd7 16. Bf4 Qd8 17. Bh6 Kh7 18. Bf4 Kg8 19. Rxe7 Qxe7 20. Bxg6 Be8 21. Re1 Qxe1+ 22. Qxe1 Bxg6 23. Qe6+ Kh7 24. Qxd5 Rfe8 25. Be3 c6 26. Qf3 Re6 27. Nxh5 Rae8 28. Nxg7 Kxg7 29. g4 Rh8 30. h5 Be4 31. Qh3 Rh7 32. g5 f5 33. Qh2 Re7 34. Qd6 Kf8 35. Qd8+ Re8 36. Qf6+ Rf7 37. Qd6+ 1-0

[Event "34th MPL National U12G Chess-ch 2022"]
[Site "Mysore"]
[Date "2022.04.11"]
[Round "5.6"]
[White "Arshiya Das"]
[Black "Rudra Rajeev"]
[Result "0-1"]
[ECO "C68"]
[WhiteElo "1407"]
[BlackElo "1141"]
[Annotator "NA RC"]
[PlyCount "132"]
[EventDate "2022.04.09"]
[EventCountry "IND"]
[SourceTitle "playchess.com"]
[Source "ChessBase"]
[SourceQuality "1"]
[TimeControl "5400+30"]

1. e4 e5 2. Nf3 Nc6 3. Bb5 a6 4. Bxc6 dxc6 5. O-O Bg4 6. h3 h5 7. d3 Qf6 8. Nbd2 Ne7 9. Nc4 Ng6 10. hxg4 hxg4 11. Bg5 Qe6 12. Nh2 b5 13. Nd2 g3 14. Ng4 Bc5 15. Be3 Bxe3 16. Nxe3 gxf2+ 17. Rxf2 Nf4 18. Nf5 O-O-O 19. Qg4 Kb8 20. Nf3 f6 21. Rff1 Rh7 22. g3 Nh3+ 23. Kg2 Rdh8 24. Rh1 Nf2 25. Rxh7 Nxg4 26. Rxh8+ Kb7 27. Nxg7 Qe7 28. Nf5 Qc5 29. Ne1 Qf2+ 30. Kh3 Qh2+ 31. Kxg4 Qxh8 32. Nf3 c5 33. N3h4 c4 34. Rf1 cxd3 35. cxd3 Qg8+ 36. Kh3 Qxa2 37. Ne3 Qxb2 38. Rxf6 a5 39. g4 Qe2 40. Nhg2 a4 41. Rf1 a3 42. Ra1 b4 43. Nc4 Qxd3+ 44. Nge3 Qxe4 45. g5 Qf4 46. Rg1 a2 47. Na5+ Ka6 48. Nac4 Qf3+ 49. Rg3 Qxg3+ 50. Kxg3 a1=Q 51. Kg4 Qg1+ 52. Kf5 b3 53. g6 b2 54. Nxb2 Qxe3 55. g7 Qf2+ 56. Kg5 Qxb2 57. g8=Q Qg2+ 58. Kf6 Qxg8 59. Kxe5 Kb5 60. Ke4 Qf7 61. Kd3 Qf4 62. Kc3 Qe4 63. Kb2 Kb4 64. Ka2 Kc3 65. Ka1 Qe2 66. Kb1 Qb2# 0-1

[Event "34th MPL National U12G Chess-ch 2022"]
[Site "Mysore"]
[Date "2022.04.11"]
[Round "6.1"]
[White "Kalyani Sirin"]
[Black "Shriyana S Mallya"]
[Result "0-1"]
[ECO "C54"]
[WhiteElo "1243"]
[BlackElo "1277"]
[Annotator "NA RC"]
[PlyCount "168"]
[EventDate "2022.04.09"]
[EventCountry "IND"]
[SourceTitle "playchess.com"]
[Source "ChessBase"]
[SourceQuality "1"]
[TimeControl "5400+30"]

1. e4 e5 2. Nf3 Nc6 3. Bc4 Bc5 4. c3 Nf6 5. d3 h6 6. Nbd2 d6 7. a4 a5 8. Nf1 Ne7 9. Ng3 Ng6 10. O-O O-O 11. h3 c6 12. Be3 Ba7 13. Bxa7 Rxa7 14. d4 Qe7 15. Re1 Qc7 16. Qc2 Be6 17. Bxe6 fxe6 18. dxe5 dxe5 19. Qb3 Nf4 20. Rad1 Raa8 21. Rd2 Nd7 22. Red1 Rad8 23. Kh2 Kh7 24. Qa3 c5 25. Qb3 b6 26. Qb5 Nf6 27. b4 Rxd2 28. Rxd2 Rf7 29. bxa5 bxa5 30. Rb2 Nd7 31. Qb7 Qd6 32. Rd2 Qb6 33. Qc8 Qa7 34. Rd6 Nb6 35. Qc6 Nc4 36. Rd8 Qe7 37. Qa8 Kg6 38. Rh8 Kf6 39. Qa6 Nb2 40. Qxa5 Nd1 41. Kg1 Qc7 42. Ra8 Qxa5 43. Rxa5 Nxc3 44. Rxc5 Nxa4 45. Rxe5 Rc7 46. Ra5 Rc1+ 47. Kh2 Nc5 48. Ra2 Ncd3 49. Rd2 g5 50. Nh5+ Nxh5 51. Rxd3 Nf4 52. Rd2 Rc4 53. g3 Ng6 54. Re2 e5 55. Nd2 Rc2 56. Kg2 Nf8 57. Kf1 Ne6 58. Nf3 Rc1+ 59. Kg2 Nc5 60. Nd2 Rc2 61. Kf3 Ne6 62. Nb3 Rc3+ 63. Re3 Rxb3 64. Rxb3 Nd4+ 65. Ke3 Nxb3 66. f4 Nc5 67. Kf3 Ne6 68. f5 Nd4+ 69. Kg4 Ne2 70. h4 Nc3 71. Kf3 g4+ 72. Ke3 h5 73. Kd3 Nb5 74. Kc4 Nd4 75. Kd3 Nxf5 76. exf5 Kxf5 77. Ke3 Ke6 78. Ke4 Kd6 79. Kf5 Kd5 80. Kg5 e4 81. Kxh5 e3 82. Kxg4 e2 83. h5 e1=Q 84. h6 Qe5 0-1

[Event "34th MPL National U12G Chess-ch 2022"]
[Site "Mysore"]
[Date "2022.04.11"]
[Round "6.2"]
[White "Vidula Anbuselvan"]
[Black "Prishita Gupta"]
[Result "0-1"]
[ECO "A06"]
[WhiteElo "1125"]
[BlackElo "1412"]
[Annotator "NA RC"]
[PlyCount "120"]
[EventDate "2022.04.09"]
[EventCountry "IND"]
[SourceTitle "playchess.com"]
[Source "ChessBase"]
[SourceQuality "1"]
[TimeControl "5400+30"]

1. Nf3 d5 2. g3 c5 3. b3 Nf6 4. Bb2 e6 5. Bg2 Nc6 6. O-O Be7 7. d3 O-O 8. Nbd2 Qc7 9. a3 Rd8 10. Ra2 e5 11. Qa1 e4 12. Ne5 Bf5 13. Nxc6 bxc6 14. Qc1 Re8 15. Rd1 Rad8 16. Nf1 d4 17. c3 Be6 18. c4 exd3 19. exd3 Bg4 20. f3 Bf5 21. Ba1 Qb8 22. Qb1 Bd6 23. Kf2 Re7 24. Rdd2 Rde8 25. Re2 Nd7 26. Rxe7 Rxe7 27. Rd2 Ne5 28. Qd1 Bc7 29. f4 Ng4+ 30. Kg1 Ne3 31. Qe1 Qe8 32. Re2 Bxd3 33. Rxe3 dxe3 34. Qc3 f6 35. Qxd3 e2 36. Bc3 exf1=Q+ 37. Bxf1 Rd7 38. Qf3 Rd6 39. b4 cxb4 40. Bxb4 Re6 41. c5 Kh8 42. Kf2 a5 43. Bc3 Qe7 44. Bd4 Bb8 45. Bd3 Qd8 46. Bc3 Ba7 47. Qg4 Bxc5+ 48. Kg2 Qd5+ 49. Qf3 Qxf3+ 50. Kxf3 Re3+ 51. Kg4 Rxd3 52. Bxa5 Rxa3 53. Be1 Ra2 54. h3 Re2 55. Bc3 Bf2 56. Kf3 Re3+ 57. Kxf2 Rxc3 58. h4 c5 59. g4 c4 60. Ke2 Rd3 0-1

[Event "34th MPL National U12G Chess-ch 2022"]
[Site "Mysore"]
[Date "2022.04.11"]
[Round "6.3"]
[White "Aadya Gupta"]
[Black "Aadhya Jain"]
[Result "0-1"]
[ECO "A84"]
[WhiteElo "1218"]
[BlackElo "1128"]
[Annotator "NA RC"]
[PlyCount "68"]
[EventDate "2022.04.09"]
[EventCountry "IND"]
[SourceTitle "playchess.com"]
[Source "ChessBase"]
[SourceQuality "1"]
[TimeControl "5400+30"]

1. d4 d5 2. c4 e6 3. Nf3 f5 4. cxd5 exd5 5. Nc3 Nf6 6. Bg5 Be7 7. e3 c6 8. Bd3 O-O 9. O-O Ne4 10. Bxe7 Qxe7 11. Ne5 Nd7 12. f4 Nxe5 13. fxe5 Qg5 14. Rf4 Be6 15. Qe2 Rae8 16. Raf1 Qh6 17. Bxe4 dxe4 18. b4 Rc8 19. Qb2 Bc4 20. Re1 b5 21. a4 a6 22. a5 Qe6 23. Ne2 Kh8 24. Ng3 Rf7 25. h4 g6 26. Qf2 Rcf8 27. Ne2 Qe7 28. Rb1 h6 29. Qe1 g5 30. Rf2 f4 31. hxg5 hxg5 32. exf4 gxf4 33. Nc3 Qh4 34. Rd2 Qxe1+ 0-1

[Event "34th MPL National U12G Chess-ch 2022"]
[Site "Mysore"]
[Date "2022.04.11"]
[Round "6.4"]
[White "Krupha S Ukkali"]
[Black "Shubhi Gupta"]
[Result "0-1"]
[ECO "C50"]
[WhiteElo "1223"]
[BlackElo "1434"]
[Annotator "NA RC"]
[PlyCount "66"]
[EventDate "2022.04.09"]
[EventCountry "IND"]
[SourceTitle "playchess.com"]
[Source "ChessBase"]
[SourceQuality "1"]
[TimeControl "5400+30"]

1. e4 e5 2. Nf3 Nc6 3. Bc4 Bc5 4. O-O d6 5. c3 Nf6 6. d4 Bb6 7. Re1 O-O 8. Bg5 h6 9. Bh4 exd4 10. cxd4 Bg4 11. d5 Ne5 12. Be2 Ng6 13. Bxf6 Qxf6 14. Nc3 Nf4 15. Rc1 Qg6 16. Nh4 Nxe2+ 17. Nxe2 Qh5 18. g3 Ba5 19. f3 Bxf3 20. Nxf3 Qxf3 21. Nd4 Qf6 22. Rf1 Qe5 23. Qd3 Bb6 24. Rcd1 Rae8 25. Rfe1 f5 26. Kg2 fxe4 27. Qc4 e3 28. Re2 Qe4+ 29. Kg1 Qg4 30. b3 Rf2 31. Rde1 Qxd4 32. Qc2 Qxd5 33. Qg6 Qg2# 0-1

[Event "34th MPL National U12G Chess-ch 2022"]
[Site "Mysore"]
[Date "2022.04.11"]
[Round "6.5"]
[White "Shreya G Hipparagi"]
[Black "Theephigaa K P"]
[Result "1-0"]
[ECO "C54"]
[WhiteElo "1552"]
[BlackElo "1086"]
[Annotator "NA RC"]
[PlyCount "77"]
[EventDate "2022.04.09"]
[EventCountry "IND"]
[SourceTitle "playchess.com"]
[Source "ChessBase"]
[SourceQuality "1"]
[TimeControl "5400+30"]

1. e4 e5 2. Nf3 Nc6 3. Bc4 Nf6 4. d3 Bc5 5. c3 d6 6. Nbd2 a6 7. Bb3 O-O 8. h3 h6 9. Nf1 Re8 10. Be3 Bxe3 11. Nxe3 Be6 12. Bc2 d5 13. Qe2 Qe7 14. O-O Rad8 15. Nh4 Kh8 16. Nhf5 Bxf5 17. Nxf5 Qd7 18. Rad1 d4 19. Qf3 Ne7 20. Nxh6 Ng6 21. Bb3 Rf8 22. cxd4 exd4 23. Nf5 a5 24. h4 a4 25. Bc2 Rg8 26. h5 Ne5 27. Qf4 Neg4 28. e5 Nxh5 29. Qxg4 g6 30. Nh6 Qc6 31. Nxf7+ Kg7 32. Nxd8 Rxd8 33. Rc1 Rf8 34. f4 Rf5 35. Bb3 Qb6 36. Bd5 c5 37. Be4 Rf7 38. f5 Qxb2 39. fxg6 1-0

[Event "34th MPL National U12G Chess-ch 2022"]
[Site "Mysore"]
[Date "2022.04.11"]
[Round "6.6"]
[White "Saparya Ghosh"]
[Black "Gorli Nyna"]
[Result "0-1"]
[ECO "E68"]
[WhiteElo "1341"]
[BlackElo "1151"]
[Annotator "NA RC"]
[PlyCount "196"]
[EventDate "2022.04.09"]
[EventCountry "IND"]
[SourceTitle "playchess.com"]
[Source "ChessBase"]
[SourceQuality "1"]
[TimeControl "5400+30"]

1. d4 g6 2. c4 Nf6 3. g3 Bg7 4. Bg2 d6 5. Nc3 O-O 6. Nf3 Nbd7 7. O-O e5 8. e4 exd4 9. Nxd4 Re8 10. Re1 a5 11. f3 Nc5 12. Be3 b6 13. Qd2 Bb7 14. Rad1 Qe7 15. Bh6 Rad8 16. Bxg7 Kxg7 17. Nd5 Nxd5 18. cxd5 Qf6 19. Bf1 Re7 20. Qf2 Ra8 21. Bd3 Nxd3 22. Rxd3 Rc8 23. Rc1 h5 24. h4 Kh7 25. Rdc3 g5 26. Nf5 Rd7 27. hxg5 Qxg5 28. Qe3 Qxe3+ 29. Nxe3 b5 30. Nf5 Kg6 31. Nd4 b4 32. Re3 Kf6 33. Kf2 Rh8 34. Rh1 Ke5 35. Rd3 Rdd8 36. Ke3 Rdg8 37. Rg1 Rg6 38. Nf5 Kf6 39. Rc1 Bc8 40. Kf4 Bxf5 41. exf5 Rg5 42. g4 hxg4 43. fxg4 Rh4 44. Rg1 Rh2 45. Rb3 Rf2+ 46. Rf3 Rxb2 47. a3 bxa3 48. Rxa3 Rb4+ 49. Kf3 a4 50. Rc3 Rb3 51. Rxb3 axb3 52. Rb1 Ke5 53. Rxb3 Kxd5 54. Rb8 c5 55. Kf4 Rg7 56. f6 Rh7 57. Kf5 c4 58. g5 Kd4 59. Rb7 c3 60. Rb1 c2 61. Rf1 Kd3 62. g6 Rh5+ 63. Kg4 fxg6 64. f7 Rh8 65. Kg5 Kd2 66. Rf2+ Kd1 67. Rf1+ Ke2 68. Rg1 Kd2 69. Rg2+ Kc3 70. Rg1 Kb2 71. Kxg6 c1=Q 72. Rxc1 Kxc1 73. Kg7 Ra8 74. Kf6 d5 75. Ke5 Rf8 76. Kxd5 Rxf7 77. Ke6 Rf4 78. Ke5 Ra4 79. Kf5 Kd2 80. Ke5 Ke3 81. Kd5 Kd3 82. Ke5 Ra5+ 83. Kf4 Kd4 84. Kf3 Re5 85. Kf4 Rd5 86. Kf3 Rg5 87. Kf4 Re5 88. Kf3 Re4 89. Kf2 Rg4 90. Kf3 Re4 91. Kf2 Re3 92. Kg2 Ke4 93. Kf2 Kf4 94. Kg2 Rf3 95. Kh2 Rg3 96. Kh1 Kf3 97. Kh2 Kf2 98. Kh1 Rh3# 0-1

[Event "34th MPL National U12G Chess-ch 2022"]
[Site "Mysore"]
[Date "2022.04.12"]
[Round "7.1"]
[White "Prishita Gupta"]
[Black "Shriyana S Mallya"]
[Result "0-1"]
[ECO "E06"]
[WhiteElo "1412"]
[BlackElo "1277"]
[Annotator "NA RC"]
[PlyCount "110"]
[EventDate "2022.04.09"]
[EventCountry "IND"]
[SourceTitle "playchess.com"]
[Source "ChessBase"]
[SourceQuality "1"]
[TimeControl "5400+30"]

1. d4 d5 2. g3 Nf6 3. c4 e6 4. Bg2 Be7 5. Nf3 O-O 6. O-O c6 7. Ne5 b6 8. Nc3 Ba6 9. cxd5 cxd5 10. Bf4 Bb7 11. Rc1 Nbd7 12. Nb5 Nxe5 13. Bxe5 a6 14. Nc3 Bd6 15. f4 Ng4 16. Qd2 Be7 17. Rcd1 f6 18. Bh3 Nh6 19. Bxe6+ Kh8 20. Bc7 Qxc7 21. Bxd5 Bb4 22. Bxb7 Qxb7 23. a3 Bd6 24. e4 Rad8 25. Qe2 Rfe8 26. h3 Nf5 27. Kh2 Bc7 28. Qf2 Ne7 29. Rfe1 b5 30. Re2 Bb6 31. Red2 Qa7 32. Ne2 Nc6 33. Qe3 Qb7 34. Qf3 Na5 35. Nc3 Nc4 36. Rg2 Rxd4 37. Re1 h6 38. Qh5 Qd7 39. Rge2 Rd2 40. Nd5 Rxe2+ 41. Rxe2 Ba7 42. b3 Nb6 43. Rg2 Nxd5 44. exd5 Rd8 45. Rd2 Be3 46. Rd3 Bc1 47. b4 Rc8 48. Qe2 f5 49. d6 Re8 50. Qd1 Bb2 51. Qd2 Bf6 52. Rd5 Re4 53. h4 Qe6 54. Kh3 Re2 55. Qd1 Qe4 0-1

[Event "34th MPL National U12G Chess-ch 2022"]
[Site "Mysore"]
[Date "2022.04.12"]
[Round "7.2"]
[White "Aadhya Jain"]
[Black "Shreya G Hipparagi"]
[Result "0-1"]
[ECO "B82"]
[WhiteElo "1128"]
[BlackElo "1552"]
[Annotator "NA RC"]
[PlyCount "80"]
[EventDate "2022.04.09"]
[EventCountry "IND"]
[SourceTitle "playchess.com"]
[Source "ChessBase"]
[SourceQuality "1"]
[TimeControl "5400+30"]

1. e4 c5 2. Nf3 Nc6 3. d4 cxd4 4. Nxd4 Nf6 5. Nc3 d6 6. f4 e6 7. Nf3 Be7 8. Bd3 a6 9. O-O d5 10. e5 Ng4 11. Kh1 h5 12. h3 b5 13. a3 Qb6 14. Qe2 Bb7 15. f5 Nd4 16. Nxd4 Qxd4 17. fxe6 fxe6 18. Bg6+ Kd7 19. Bf4 Raf8 20. Rad1 Qb6 21. Bxh5 Rxh5 22. Qxg4 Rhf5 23. h4 g5 24. hxg5 Rxf4 25. Rxf4 Rh8+ 26. Qh4 Rxh4+ 27. Rxh4 Qf2 28. Rg4 Qf5 29. Rh4 Bxg5 30. Rh5 Kc7 31. Rd4 Qf1+ 32. Kh2 Bf4+ 33. Kh3 Qh1+ 34. Kg4 Qxg2+ 35. Kxf4 Qf2+ 36. Kg5 Qxd4 37. Kf6 Qf4+ 38. Kxe6 Qg4+ 39. Rf5 Bc8+ 40. Kxd5 Qc4# 0-1

[Event "34th MPL National U12G Chess-ch 2022"]
[Site "Mysore"]
[Date "2022.04.12"]
[Round "7.3"]
[White "Shubhi Gupta"]
[Black "Dheeptha B"]
[Result "1-0"]
[ECO "D13"]
[WhiteElo "1434"]
[BlackElo "1236"]
[Annotator "NA RC"]
[PlyCount "81"]
[EventDate "2022.04.09"]
[EventCountry "IND"]
[SourceTitle "playchess.com"]
[Source "ChessBase"]
[SourceQuality "1"]
[TimeControl "5400+30"]

1. d4 d5 2. c4 c6 3. Nc3 Nf6 4. Nf3 Bf5 5. cxd5 cxd5 6. Qb3 Qb6 7. Nxd5 Qxb3 8. Nxf6+ exf6 9. axb3 Bc2 10. Bd2 Bxb3 11. e4 Be7 12. Bb5+ Kd8 13. Ba5+ b6 14. Bxb6+ Kc8 15. O-O Kb7 16. Ba5 a6 17. Rfc1 Rc8 18. Rxc8 axb5 19. Rc7+ Ka6 20. Rxe7 Nc6 21. Bc3+ Kb6 22. Rxa8 Nxe7 23. d5 Kc5 24. Nd2 Bc4 25. b4+ Kd6 26. Ra6+ Kd7 27. Ra7+ Kd6 28. Nxc4+ bxc4 29. Rxe7 Kxe7 30. b5 Kd7 31. b6 Kc8 32. d6 Kd7 33. b7 Kxd6 34. b8=Q+ Kd7 35. Bb4 Kc6 36. Qd6+ Kb5 37. Qc5+ Ka4 38. Qxc4 h5 39. Bc5+ Ka5 40. Qb4+ Ka6 41. Qb6# 1-0

[Event "34th MPL National U12G Chess-ch 2022"]
[Site "Mysore"]
[Date "2022.04.12"]
[Round "7.4"]
[White "Gorli Nyna"]
[Black "Sherali Pattnaik"]
[Result "0-1"]
[ECO "B22"]
[WhiteElo "1151"]
[BlackElo "1209"]
[Annotator "NA RC"]
[PlyCount "41"]
[EventDate "2022.04.09"]
[EventCountry "IND"]
[SourceTitle "playchess.com"]
[Source "ChessBase"]
[SourceQuality "1"]
[TimeControl "5400+30"]

1. e4 c5 2. c3 Nf6 3. e5 Nd5 4. d4 cxd4 5. cxd4 e6 6. Nf3 d6 7. Be2 dxe5 8. dxe5 Bc5 9. O-O Nc6 10. b3 Qc7 11. Bb2 O-O 12. Nbd2 Rd8 13. Rc1 Be7 14. h3 Bd7 15. Re1 Rac8 16. a3 Qb8 17. b4 b5 18. Qb3 a5 19. bxa5 Nxa5 20. Qa2 Nc6 21. Nd4 0-1